 Dungeon Crawl Stone Soup version 0.24-a0-378-g94936e539c (webtiles) character file.

Game seed: 16280389296568825425

2830 Azzok the Cleaver (level 10, -2/70 HPs)
             Began as a Formicid Fighter on June 1, 2019.
             Was an Elder of Okawaru.
             Slain by Erica
             ... wielding a +4 scimitar of flaming
              (11 damage)
             ... on level 8 of the Dungeon.
             The game lasted 00:10:40 (7464 turns).

Azzok the Cleaver (Formicid Fighter)                Turns: 7464, Time: 00:10:41

Health: -2/70      AC: 13    Str: 27    XL:     10   Next: 3%
Magic:  13/15      EV:  9    Int:  8    God:    Okawaru [****..]
Gold:   181        SH: 12    Dex: 10    Spells: 9/9 levels left

rFire    + . .     SeeInvis +   b - +1 hand axe (elec)
rCold    . . .     Gourm    .   c - +0 shield
rNeg     . . .     Faith    +   w - +0 plate armour
rPois    .         Spirit   .   (helmet unavailable)
rElec    .         Reflect  .   (no cloak)
rCorr    .         Harm     .   (no gloves)
MR       +....                  (no boots)
Stlth    ..........             r - amulet of faith
HPRegen  0.21/turn              v - +3 ring of strength
MPRegen  0.14/turn              x - ring of protection from fire

@: lethally poisoned (-2 -> -7), heroism
A: permanent stasis, dig shafts and tunnels, four strong arms, antennae 3
a: Dig, Shaft Self, Heroism, Renounce Religion


You were on level 8 of the Dungeon.
You worshipped Okawaru.
Okawaru was greatly pleased with you.
You were not hungry.

You visited 2 branches of the dungeon, and saw 9 of its levels.

You collected 370 gold pieces.
You spent 189 gold pieces at shops.

Inventory:

Hand Weapons
 a - a +1 broad axe of flaming
 b - a +1 hand axe of electrocution (weapon)
Armour
 c - a +0 shield (worn)
 t - the +3 scale mail of Discretion {rElec rPois Str+3}
   (You found it on level 4 of the Dungeon)

   It affects your strength (+3).
   It insulates you from electricity.
   It protects you from poison.
 w - a +0 plate armour (worn)
Jewellery
 r - an amulet of faith (around neck)
 v - a +3 ring of strength (left hand)
 x - a ring of protection from fire (right hand)
Wands
 i - a wand of iceblast (7)
 m - a wand of digging (7)
 D - a wand of paralysis (10)
 E - a wand of flame (12)
Scrolls
 h - a scroll of fog {unknown}
 n - 3 scrolls of magic mapping {unknown}
 o - 5 scrolls of remove curse {unknown}
 p - 3 scrolls of amnesia {unknown}
 q - a scroll of immolation {unknown}
 s - a scroll of enchant weapon {unknown}
 y - a scroll of noise {unknown}
 z - 2 scrolls of enchant armour {unknown}
 A - a scroll of fear {unknown}
 C - a scroll of random uselessness {unknown}
Potions
 d - a potion of might
 e - 2 potions of heal wounds
 g - a potion of mutation {unknown}
 j - 5 potions of curing
 k - 2 potions of haste
 l - a potion of invisibility {unknown}
 u - 2 potions of flight
Comestibles
 f - 16 rations
 B - 8 chunks of flesh


   Skills:
 - Level 3.2(8.2) Fighting
 * Level 11.4(16.4) Axes
 - Level 3.2(8.2) Armour
 - Level 3.6(8.6) Shields
 + Level 7.5 Invocations


You had 9 spell levels left.
You didn't know any spells.
Your spell library contained the following spells:

 Spells                   Type           Power        Failure   Level  Hunger
 Animate Skeleton         Necr           N/A          99%         1    ##.....
 Pain                     Necr           #...         99%         1    ##.....
 Shock                    Conj/Air       #...         99%         1    ##.....
 Swiftness                Chrm/Air       #.......     100%        2    ###....
 Regeneration             Chrm/Necr      #.........   100%        3    ####...
 Static Discharge         Conj/Air       #.......     100%        3    ####...
 Vampiric Draining        Necr           #.........   100%        3    ####...
 Airstrike                Air            #.........   100%        4    #####..
 Animate Dead             Necr           N/A          100%        4    #####..
 Lightning Bolt           Conj/Air       #.........   100%        5    ######.


Dungeon Overview and Level Annotations

Branches:
Dungeon (8/15)             Temple (1/1) D:4
   Lair: D:8-11

Altars:
Ashenzari
Cheibriados
Dithmenos
Fedhas
Gozag
Hepliaklqana
Makhleb
Nemelex Xobeh
Okawaru
Qazlal
Ru
Uskayaw
Wu Jian
Xom
Yredelemnul
Zin

Shops:
D:6 *(%}

Annotations:
D:8 Erica


Innate Abilities, Weirdness & Mutations

You cannot be hasted, slowed, berserked, paralysed or teleported.
You can dig through walls and to a lower floor.
Your four strong arms can wield two-handed weapons with a shield.
You have a pair of large antennae on your head. (SInv)


Message History

You feel sick.
Erica zaps a wand.
The burst of metal fragments misses you.
You block the burst of metal fragments.
The burst of metal fragments misses you.
You block the burst of metal fragments. x3
The burst of metal fragments misses you.
The burst of metal fragments hits you but does no damage.
The burst of metal fragments misses you.
You hit Erica but do no damage.
Erica is almost dead.
Erica screams, "You'll never get it!"
Erica hits you with a +4 scimitar of flaming.
* * * LOW HITPOINT WARNING * * *
You closely miss Erica.
Erica is almost dead.
You feel sick.
You closely miss Erica.
Erica is almost dead.
Erica hits you with a +4 scimitar of flaming!
You die...

▒▒▒▒▒▒▒·····▒▒▒▒▒····▒▒▒▒
▒··················▒▒▒
▒··················▒
▒··················▒
▒··················▒
····▒▒╬▒▒▒▒▒▒▒▒▒▒'▒▒
····'······· ▒····▒
····▒·········▒····▒
····▒▒▒▒▒▒▒▒▒···@▒▒▒
····▒ ▒▒▒▒@)··▒ ····▒
▒····▒ ····▒ ▒····▒ ····▒
▒····▒ ▒▒▒▒▒ ▒▒▒▒▒▒


You could see Erica.

Vanquished Creatures
  Pikel (D:6)
  A spriggan (D:7)
  Sigmund (D:2)
  An orc warrior (D:6)
  A sky beast (D:6)
  A phantom (D:6)
  2 slaves (D:6)
  An ogre (D:6)
  4 bullfrogs
  A wyvern skeleton (D:7)
  4 scorpions
  4 howler monkeys
  3 crimson imps
  A centaur zombie (D:6)
  5 orc priests
  A jelly (D:1)
  5 orc wizards
  3 bullfrog skeletons
  An iguana (D:5)
  8 worker ants
  A worker ant zombie (D:6)
  7 gnolls
  4 adders
  3 shadow imps
  6 oozes
  An adder zombie (D:5)
  An adder skeleton (D:4)
  2 worms
  5 leopard geckos
  29 orcs
  9 giant cockroaches
  5 goblins
  3 hobgoblins
  8 jackals
  4 quokkas
  A ball python (D:4)
  6 bats
  A frilled lizard (D:2)
  12 kobolds
  A leopard gecko skeleton (D:5)
  10 rats
168 creatures vanquished.

Vanquished Creatures (others)
  An ice beast (D:5)
  An orc wizard (D:5)
  An adder (D:5)
  2 plants (D:1)
5 creatures vanquished.

Grand Total: 173 creatures vanquished

Notes
Turn   | Place    | Note
-------+----------+-------------------------------------------
     0 | D:1      | Azzok the Formicid Fighter began the quest for the Orb.
     0 | D:1      | Reached XP level 1. HP: 18/18 MP: 1/1
     1 | D:1      | Found a runed translucent door.
     1 | D:1      | Noticed a jelly
   332 | D:1      | Reached XP level 2. HP: 23/24 MP: 2/2
   923 | D:1      | Reached skill level 3 in Axes
   930 | D:1      | Reached XP level 3. HP: 29/29 MP: 3/3
   937 | D:1      | Reached skill level 4 in Axes
   937 | D:1      | Reached XP level 4. HP: 30/35 MP: 4/4
  1317 | D:2      | Reached XP level 5. HP: 40/41 MP: 5/5
  1447 | D:2      | Reached skill level 5 in Axes
  1556 | D:2      | Noticed Sigmund
  1569 | D:2      | Killed Sigmund
  1569 | D:2      | Reached skill level 6 in Axes
  1569 | D:2      | Reached XP level 6. HP: 28/47 MP: 6/6
  2340 | D:4      | Got a faintly humming scale mail
  2344 | D:3      | Identified the +3 scale mail of Discretion {rElec rPois
                  | Str+3} (You found it on level 4 of the Dungeon)
  2413 | D:4      | Reached skill level 7 in Axes
  2413 | D:4      | Reached XP level 7. HP: 52/52 MP: 7/7
  2565 | D:4      | Found a staircase to the Ecumenical Temple.
  2581 | Temple   | Entered the Ecumenical Temple
  2644 | Temple   | Became a worshipper of Warmaster Okawaru
  2750 | D:4      | You fall into a shaft and drop 3 floors!
  2752 | D:7      | Found a basalt altar of Yredelemnul.
  2808 | D:6      | Reached skill level 1 in Invocations
  2863 | D:6      | Found Naodwuiq's Gadget Boutique.
  2944 | D:6      | Reached * piety under Okawaru
  2952 | D:6      | Reached skill level 8 in Axes
  2956 | D:6      | Reached XP level 8. HP: 21/58 MP: 8/10
  3452 | D:5      | Entered Level 5 of the Dungeon
  3900 | D:6      | Reached skill level 9 in Axes
  4022 | D:5      | Noticed Pikel
  4036 | D:6      | Killed Pikel
  4036 | D:6      | Reached ** piety under Okawaru
  4036 | D:6      | Reached skill level 10 in Axes
  4036 | D:6      | Reached skill level 5 in Invocations
  4036 | D:6      | Reached XP level 9. HP: 54/64 MP: 11/13
  4044 | D:6      | Reached *** piety under Okawaru
  5637 | D:6      | Found an opulent altar of Gozag.
  5784 | D:6      | Found Qurap's General Store.
  5799 | D:6      | Bought a scroll of teleportation for 33 gold pieces
  5843 | D:6      | Found Zamm's Weapon Shoppe.
  5851 | D:6      | Bought a +1 broad axe of flaming for 156 gold pieces
  5873 | D:6      | Found Deub's Food Boutique.
  6193 | D:7      | Found an iron altar of Okawaru.
  6343 | D:7      | Reached skill level 11 in Axes
  6470 | D:7      | Reached **** piety under Okawaru
  7094 | D:8      | Reached XP level 10. HP: 66/70 MP: 15/15
  7444 | D:8      | Noticed Erica
  7464 | D:8      | Slain by Erica

Levels and vault maps discovered:
D:1:      dpeg_arrival_caged_fury, layout_basic, ebering_dispersal_statue_hall,
          lexackson_kobold_supper
D:2:      layout_basic, uniq_sigmund
D:3:      layout_basic, first_ration
D:4:      layout_basic, minmay_temple_entry_proselytizer
D:5:      layout_basic, kennysheep_dice, uniq_pikel
D:6:      layout_loops_ring, kennysheep_mini_moat, serial_shops, shop, shop,
          shop, shop
D:7:      layout_loops_ring, basic_altar, the_bakery, okawaru_trees_1
D:8:      layout_gridville, uniq_erica
Temple:   regret_index_temple_sigil_plot

Skill      XL: |  1  2  3  4  5  6  7  8  9 |
---------------+----------------------------+-----
Axes           | 3 4 6 7 8 10 11 | 11.4
Invocations    | 2 5 7 |  7.5
Fighting       | |  3.2
Armour         | |  3.2
Shields        | |  3.6

Action                   |  1- 3 |  4- 6 |  7- 9 | 10-12 || total
-------------------------+-------+-------+-------+-------++-------
Melee: War axe           |    24 |       |       |       ||    24
       Hand axe          |    33 |   137 |   300 |    41 ||   511
Invok: Heroism           |       |       |       |     1 ||     1
  Use: Scroll            |       |     1 |     7 |       ||     8
  Eat: Chunk             |       |     5 |    15 |     1 ||    21
Armor: Scale mail        |    26 |    36 |     7 |       ||    69
       Plate armour      |       |       |   105 |    18 ||   123
Dodge: Dodged            |    18 |    25 |    52 |    10 ||   105
Block: Shield            |    40 |    63 |   122 |    22 ||   247

Table legend:
 A = Non-vault XP
 B = Vault XP
 C = Vault XP percentage of total XP
 D = Non-vault monster count
 E = Vault monster count
 F = Vault count percentage of total count
                 A         B        C        D         E       F
            +---------+---------+-------+---------+---------+-------
      Total |    2630 |    1413 |  34.9 |     132 |      34 |  20.5
            +---------+---------+-------+---------+---------+-------
        D:1 |       9 |     110 |  92.4 |       5 |      26 |  83.9
        D:2 |      47 |     223 |  82.6 |      20 |       1 |   4.8
        D:3 |      85 |       0 |   0.0 |      16 |       0 |   0.0
        D:4 |     118 |      43 |  26.7 |      11 |       1 |   8.3
        D:5 |     492 |     184 |  27.2 |      26 |       4 |  13.3
        D:6 |    1165 |     629 |  35.1 |      30 |       1 |   3.2
        D:7 |     382 |     224 |  37.0 |      10 |       1 |   9.1
        D:8 |     332 |       0 |   0.0 |      14 |       0 |   0.0
            +---------+---------+-------+---------+---------+-------
